 Dungeon Crawl Stone Soup version 0.17-a0-1184-gb75be8f (webtiles) character file.

144 Fluffy the Ducker (level 5, 0/40 HPs)
             Began as a Demonspawn Gladiator on June 1, 2015.
             Killed from afar by an orc wizard (5 damage)
             ... with a magic dart
             ... on level 3 of the Dungeon.
             The game lasted 00:04:33 (1970 turns).

Fluffy the Ducker (Demonspawn Gladiator)            Turns: 1970, Time: 00:04:33

Health: 0/40       AC: 10    Str: 16    XL:     5   Next: 5%
Magic:  5/5        EV:  8    Int:  9    God:
Gold:   126        SH:  2    Dex: 14    Spells: 0 memorised, 4 levels left

rFire  . . .     SeeInvis .     a - +1 long sword
rCold  . . .     Clarity  .     k - +0 chain mail
rNeg   . . .     SustAt   .     (no shield)
rPois  .         Gourm    .     (helmet restricted)
rElec  .         Spirit   .     (no cloak)
rCorr  .         Warding  .     (no gloves)
rMut   .         Stasis   .     (no boots)
MR     .....                    m - amulet of rage (curse)
Stlth  ..........               (no ring)
                                (no ring)

@: not resistant to hostile enchantments, extremely unstealthy
A: antennae 2, large bone plates 1
a: Evoke Berserk Rage


You were on level 3 of the Dungeon.
You were not hungry.

You visited 1 branch of the dungeon, and saw 3 of its levels.

You collected 126 gold pieces.

Inventory:

Hand weapons
 a - a +1 long sword (weapon)
Missiles
 d - 3 throwing nets (quivered)
Armour
 k - a +0 chain mail (worn)
Jewellery
 m - a cursed amulet of rage (around neck)
Scrolls
 g - a scroll of enchant weapon
 i - 2 scrolls of teleportation
Potions
 b - 2 potions of curing
 f - 2 potions of resistance
 h - a potion of heal wounds {unknown}
Comestibles
 c - a meat ration
 e - 2 bread rations
 l - a beef jerky


   Skills:
 + Level 2.8 Fighting
 + Level 3.5 Long Blades
 - Level 1.7 Throwing
 + Level 2.0 Armour
 + Level 3.5 Dodging


You had 4 spell levels left.
You didn't know any spells.

Dungeon Overview and Level Annotations

Branches:
Dungeon (3/15)

Altars:


Innate Abilities, Weirdness & Mutations

You have a pair of antennae on your head.
You are partially covered in large bone plates (AC +2, SH +2).


Message History

The orc wizard is almost dead.
The orc wizard casts a spell at you. The magic dart hits you!
* * * LOW HITPOINT WARNING * * *
The orc wizard gestures wildly while chanting.
The orc wizard blinks!
The orc closely misses you.
The orc wizard mumbles some strange words.
The orc wizard blinks!
The orc closely misses you.
Items here: ) [ †† a leather armour; a club; an orc corpse; a giant frog corpse You hit the orc but do no damage.
The orc wizard is no longer moving quickly.
The orc wizard casts a spell at you. The magic dart hits you!
The orc hits you but does no damage. The orc barely misses you.
You hit the orc but do no damage.
The orc wizard gestures at you while chanting.
The magic dart hits you!
You die...

#.. .. $... ...
..... ..
.!....######.##.#
..oo.o..........#
..####.##.##.###
... #.o#.#.. #$##
##o#.#.# ...
#@#{#.# #.#
#.#.#.# #.
#.#.#.# # #.#.#.#
######'#.#.###
..##............#
.........o......#
.##............#
#............#


You could see an orc wizard and 2 orcs.

Vanquished Creatures
  A giant frog (D:3)
  2 adders (D:2)
  An ooze (D:1)
  2 worms (D:2)
  An orc (D:3)
  5 giant cockroaches
  8 hobgoblins
  7 jackals (D:1)
  A ball python (D:2)
  7 bats
  2 giant geckos (D:3)
  3 giant newts
  4 goblins
  8 kobolds
  8 rats
60 creatures vanquished.

Notes
Turn   | Place    | Note
--------------------------------------------------------------
     0 | D:1      | Fluffy the Demonspawn Gladiator began the quest for the Orb.
     0 | D:1      | Reached XP level 1. HP: 16/16 MP: 1/1
     0 | D:1      | Noticed a spriggan
     2 | D:1      | Noticed a minotaur
     4 | D:1      | Noticed an ogre
     5 | D:1      | Noticed an octopode
     7 | D:1      | Noticed an elf
     8 | D:1      | Noticed a centaur
    10 | D:1      | Noticed a felid
    12 | D:1      | Noticed a spriggan
    12 | D:1      | Noticed a naga
    14 | D:1      | Noticed a formicid
    14 | D:1      | Noticed a gargoyle
    14 | D:1      | Noticed a formicid
    16 | D:1      | Noticed a spriggan
    20 | D:1      | Noticed a draconian
   317 | D:1      | Gained mutation: You are partially covered in large bone plates (AC +2, SH +2). [demonic ancestry]
   317 | D:1      | Reached XP level 2. HP: 15/22 MP: 2/2
   535 | D:1      | Reached skill level 1 in Armour
   593 | D:1      | Reached skill level 3 in Dodging
   980 | D:1      | Gained mutation: You have a pair of small antennae on your head. [demonic ancestry]
   980 | D:1      | Reached XP level 3. HP: 27/27 MP: 3/3
  1625 | D:2      | Reached XP level 4. HP: 31/34 MP: 4/4
  1935 | D:3      | Noticed a giant frog
  1957 | D:3      | Killed a giant frog
  1957 | D:3      | Gained mutation: You have a pair of antennae on your head. [demonic ancestry]
  1957 | D:3      | Reached XP level 5. HP: 7/40 MP: 5/5
  1970 | D:3      | Killed from afar by an orc wizard

Vault maps used:
D:1:      shiori_arrival_whats_in_store_for_you
D:2:      first_bread

Action                   |  1- 3 |  4- 6 || total
-------------------------+-------+-------++-------
Melee: Long sword        |   149 |    71 ||   220
  Use: Scroll            |     7 |     1 ||     8
  Eat: Chunk             |     2 |     2 ||     4
